 Dungeon Crawl Stone Soup version 0.27.1-33-g824d729ab1 (webtiles) character file.

Game seed: 6240839848090616756

35 Laukis the Chopper (level 3, -2/23 HPs)
             Began as a Gargoyle Berserker on Dec 13, 2021.
             Was a Follower of Trog.
             Slain by a kobold (4 damage)
             ... on level 2 of the Dungeon.
             The game lasted 00:01:35 (693 turns).

Laukis the Chopper (Gargoyle Berserker)              Turns: 693, Time: 00:01:37

Health: -2/23      AC: 15    Str: 21    XL:     3   Next: 33%
Magic:  3/3        EV:  6    Int:  7    God:    Trog [*.....]
Gold:   62         SH:  0    Dex:  9    Spells: 2/2 levels left

rFire    . . .     SeeInvis .   i - +4 mace
rCold    . . .     Faith    .   (no shield)
rNeg     + . .     Spirit   .   f - +0 plate armour
rPois    ∞         Reflect  .   g - +0 helmet
rElec    +         Harm     .   (no cloak)
rCorr    .         Rampage  .   (no gloves)
Will     .....                  (no boots)
Stlth    ..........             (no amulet)
HPRegen  0.07/turn              (no ring)
MPRegen  0.08/turn              (no ring)

@: no status effects
A: sickness immunity, AC +3, negative energy resistance 1, electricity
resistance, torment resistance 1, petrification resistance
a: Renounce Religion, Berserk


You were on level 2 of the Dungeon.
You worshipped Trog.
Trog was aware of your devotion.
You visited 1 branch of the dungeon, and saw 2 of its levels.

You collected 62 gold pieces.

Inventory:

Hand Weapons
 a - a +0 hand axe
 i - a +4 mace (weapon)
Armour
 f - a +0 plate armour (worn)
 g - a +0 helmet (worn)
Scrolls
 c - a scroll of fog {unknown}
 d - 4 scrolls of teleportation {unknown}
 h - 2 scrolls of identify {unknown}
 k - 3 scrolls of blinking {unknown}
Potions
 b - a potion of berserk rage {unknown}
 e - a potion of might {unknown}
 j - a potion of heal wounds {unknown}


   Skills:
 - Level 3.2 Fighting
 + Level 3.6(3.7) Axes
 * Level 1.3(2.9) Maces & Flails
 - Level 2.1 Armour
 - Level 1.5 Dodging


You had 2 spell levels left.
You didn't know any spells.
Your spell library was empty.

Dungeon Overview and Level Annotations

Branches:
Dungeon (2/15)

Altars:


Innate Abilities, Weirdness & Mutations

You are immune to sickness and miasma.
Your stone body is resilient. (AC +3)
You are immune to poison.
You resist negative energy. (rN+)
You are resistant to electric shocks. (rElec)
You are resistant to unholy torment.
You are immune to petrification.


Message History

The ball python constricts you. The kobold hits you but does no damage.
You miss the kobold.
The kobold is moderately wounded.
The ball python barely misses you. The ball python constricts you.
The kobold hits you but does no damage.
The ball python bites you but does no damage.
The ball python constricts you.
You closely miss the kobold.
The kobold is moderately wounded.
The kobold hits you but does no damage.
The ball python bites you but does no damage.
The ball python constricts you. The kobold hits you but does no damage.
You closely miss the kobold.
The kobold is moderately wounded.
A rat comes into view.
The ball python bites you but does no damage.
The ball python constricts you. The kobold hits you but does no damage.
The ball python bites you but does no damage.
The ball python constricts you.
You barely miss the ball python.
The ball python bites you but does no damage.
The ball python constricts you.
* * * LOW HITPOINT WARNING * * *
The kobold hits you but does no damage.
You barely miss the ball python.
The ball python bites you but does no damage.
The ball python constricts you.
* * * LOW HITPOINT WARNING * * *
The giant cockroach bites you but does no damage.
The kobold barely misses you.
The giant cockroach bites you but does no damage.
The ball python bites you but does no damage.
The ball python constricts you.
You sock the ball python!
You kill the ball python!
Trog accepts your kill. The kobold hits you but does no damage.
The giant cockroach bites you but does no damage.
The kobold hits you with a +0 club.
You die...

+...........
#........<..
####...........
....)..........
...............
.......<......#
+######..##....
####g†# .
#B@KJ.#
#..g###.# #...
#.# #... #+#
..... ......
....... .......


You could see an endoplasm, a giant cockroach, 2 hobgoblins and a kobold.

Vanquished Creatures
  2 adders (D:2)
  A dart slug (D:1)
  2 endoplasms (D:1)
  2 goblins (D:1)
  A hobgoblin (D:1)
  2 ball pythons
  A bat (D:1)
  A frilled lizard (D:1)
  4 kobolds
  A rat (D:1)
17 creatures vanquished.

Notes
Turn   | Place    | Note
-------+----------+-------------------------------------------
     0 | D:1      | Laukis the Gargoyle Berserker began the quest for the Orb.
     0 | D:1      | Reached XP level 1. HP: 14/14 MP: 1/1
   137 | D:1      | Reached XP level 2. HP: 15/19 MP: 2/2
   675 | D:2      | Reached XP level 3. HP: 17/23 MP: 3/3
   676 | D:2      | Reached skill level 1 in Maces & Flails
   693 | D:2      | Slain by a kobold

Illustrated notes

Levels and vault maps discovered:
D:1:      shiori_arrival_oz, layout_basic, minmay_close_crescents
D:2:      layout_basic

Skill      XL: |  1  2  3 |
---------------+----------+-----
Axes           | 3 |  3.6
Maces & Flails | 1 |  1.3
Fighting       | |  3.2
Armour         | |  2.1
Dodging        | |  1.5

Action                   || total
-------------------------++-------
Melee: Hand axe          ||    27
       Mace              ||    19
Armor: Animal skin       ||     4
       Plate armour      ||    38
Dodge: Dodged            ||    22
